 Dungeon Crawl Stone Soup version 0.30-a0-365-ge7f957f1db (webtiles) character file.

Game seed: 13351347564468296436

221 holysushi the Slasher (level 5, -3/34 (37) HPs)
             Began as an Octopode Monk on Nov 16, 2022.
             Slain by a wight
             ... wielding a +0 spear
              (5 damage)
             ... on level 3 of the Dungeon.
             The game lasted 00:05:43 (2740 turns).

holysushi the Slasher (Octopode Monk)               Turns: 2740, Time: 00:05:43

HP:   -3/34 (37)    AC:  1    Str: 11    XL:     5   Next: 98%
MP:   5/5           EV: 15    Int: 12    God:
Gold: 200           SH:  0    Dex: 22    Spells: 4/4 levels left

rFire   . . .      SeeInvis .    a - +1 falchion
rCold   . . .      Faith    .    (no shield)
rNeg    + . .      Spirit   .    (helmet restricted)
rPois   .          Reflect  .    (no amulet)
rElec   .          Harm     .    p - ring of positive energy
rCorr   .          Rampage  .    q - +6 ring of dexterity
Will    +....                    e - ring of willpower
Stlth   ++++......               (no ring)
HPRegen 0.25/turn                (no ring)
MPRegen 0.09/turn                (no ring)
                                 (no ring)
                                 (no ring)

@: drained
A: almost no armour, amphibious, 8 rings, camouflage 1, gelatinous body 1,
(nimble swimmer 1), tentacles
a: no special abilities


You were on level 3 of the Dungeon.
You visited 1 branch of the dungeon, and saw 4 of its levels.

You collected 200 gold pieces.

Inventory:

Hand Weapons
 a - a +1 falchion (weapon)
Jewellery
 e - a ring of willpower (on tentacle)
 p - a ring of positive energy (left tentacle)
 q - a +6 ring of dexterity (right tentacle)
Wands
 o - a wand of flame (15)
Potions
 b - a potion of ambrosia
 c - 7 potions of curing
 d - a potion of mutation
 h - a potion of brilliance
 i - a potion of might
 j - a potion of resistance {unknown}
 m - 2 potions of haste {unknown}


   Skills:
 + Level 3.7 Fighting
 * Level 5.4 Long Blades
 + Level 3.6 Dodging
 - Level 2.6 Stealth
 + Level 1.3 Evocations


You had 4 spell levels left.
You didn't know any spells.
Your spell library contained the following spells:

 Spells                   Type           Power      Damage    Failure   Level
 Slow                     Hex            0%         N/A       32%         1
 Confusing Touch          Hex            0%         N/A       69%         3
 Portal Projectile        Hex/Tloc       0%         N/A       69%         3
 Tukima's Dance           Hex            0%         N/A       69%         3
 Vampiric Draining        Necr           0%         2d6       69%         3
 Blade Hands              Tmut           0%         N/A       100%        5


Dungeon Overview and Level Annotations

Branches:
Dungeon (4/15) Zot: 21244
 Temple: D:4-7

Altars:

Shops:
D:1 *


Innate Abilities, Weirdness & Mutations

You cannot wear most types of armour.
You are amphibious.
You can wear up to eight rings at the same time.
Your skin changes colour to match your surroundings (Stealth+).
Your rubbery body absorbs attacks. (AC +1, EV +1)
((You are camouflaged when in or above water. (Stealth+)))
You have tentacles for arms and can constrict up to eight enemies at once.


Message History

There is an open door here.
There is an open door here.
The teleport trap disappears.
The wight disappears!
A wight is nearby!
A wight is nearby!
A wight is nearby!
A wight is nearby!
You hit the wight but do no damage. Your grab misses the wight.
Your squeeze misses the wight. The wight hits you with a +0 spear.
You partially resist.
You feel drained.
You hit the wight. You grab the wight.
You squeeze the wight, but do no damage.
The wight is lightly damaged.
You constrict the wight, but do no damage.
The wight hits you with a +0 spear.
You hit the wight but do no damage.
You squeeze the wight, but do no damage.
The wight is lightly damaged.
You constrict the wight, but do no damage.
The wight barely misses you.
You hit the wight.
The wight is moderately damaged.
You constrict the wight, but do no damage.
The wight closely misses you. The wight hits you with a +0 spear!
You partially resist.
You feel drained.
You slash the wight!
The wight is severely damaged.
You constrict the wight, but do no damage.
The wight hits you from afar with a +0 halberd!
The wight closely misses you.
You hit the wight but do no damage.
You squeeze the wight, but do no damage.
The wight is severely damaged.
You constrict the wight. The wight barely misses you.
The wight hits you with a +0 spear!
* * * LOW HITPOINT WARNING * * *
You release your grip on the wight.
The wight attacks as you move away! The wight misses you.
The wight hits you from afar with a +0 spear.
You die...

## ######### #.
##.......##############.
#.....................'.
####........##############.
## ###...........# #. .#
#...###.....@.# ##
.####.#####...)...#
..............zz..#
##................#
##................#
.'................#
.#.........#.######
##.........#.#
##.........#'##


You could see 2 wights.

Vanquished Creatures
  A wight (D:3)
  An orc priest (D:3)
  Robin (D:3)
  3 adders
  A worm (D:3)
  3 dart slugs
  2 orcs (D:3)
  4 bats
  6 endoplasms
  3 giant cockroaches
  5 hobgoblins
  7 jackals (D:2)
  8 kobolds
  5 quokkas
  9 ball pythons
  5 frilled lizards
  16 goblins
  7 rats
87 creatures vanquished.

Notes
Turn   | Place    | Note
-------+----------+-------------------------------------------
     0 | D:1      | holysushi the Octopode Monk began the quest for the Orb.
     0 | D:1      | Reached XP level 1. HP: 16/16 MP: 1/1
    43 | D:1      | Found Ywaih's General Store.
   161 | D:1      | Reached XP level 2. HP: 21/21 MP: 2/2
   332 | D:1      | Reached skill level 4 in Long Blades
   535 | D:1      | Reached XP level 3. HP: 26/26 MP: 3/3
   842 | D:2      | HP: 1/26 [jackal (1)]
  1193 | D:2      | Reached XP level 4. HP: 30/31 MP: 4/4
  2128 | D:3      | Reached skill level 5 in Long Blades
  2128 | D:3      | Reached XP level 5. HP: 22/36 MP: 5/5
  2352 | D:4      | Found the +3 woodcutter's axe {vorpal}
  2450 | D:3      | Reached skill level 1 in Evocations
  2613 | D:3      | Noticed Robin
  2651 | D:3      | Killed Robin
  2739 | D:3      | HP: 1/34 [wight/+0 spear (10)]
  2740 | D:3      | Slain by a wight

Illustrated notes

Levels and vault maps discovered:
D:1:      doesnt_arrival_eight_statues, layout_rooms, serial_shops, shop
D:2:      layout_basic
D:3:      layout_basic, uniq_robin
D:4:      layout_cave_pools, mainiacjoe_overflow_concentric_impassable,
          cheibriados_altar_1, uniq_crazy_yiuf_cottage

Skill      XL: |  1  2  3  4  5 |
---------------+----------------+-----
Long Blades    | 4 5 |  5.4
Evocations     | 1 |  1.3
Fighting       | |  3.7
Dodging        | |  3.6
Stealth        | |  2.6

Action                   |  1- 3 |  4- 6 || total
-------------------------+-------+-------++-------
Melee: Falchion          |   104 |    83 ||   187
       Constrict         |    28 |    22 ||    50
       Tentacles         |    10 |    21 ||    31
       Punch             |     3 |       ||     3
  Use: Scroll            |       |    10 ||    10
 Stab: Sleeping          |     8 |    10 ||    18
       Distracted        |     1 |       ||     1
Armor: Skin              |     8 |     8 ||    16
Dodge: Dodged            |    71 |    72 ||   143

Table legend: (Time is in decaauts)
 A = Elapsed time spent in this place.
 B = Non-inter-level travel time spent in this place.
 C = Inter-level travel time spent in this place.
 D = Time resting spent in this place.
 E = Time spent auto-exploring this place.
 F = Levels seen in this place.
 G = Mean time per level.
                   A        B        C        D        E       F      G
               +--------+--------+--------+--------+--------+-----+--------+
         Total |   2755 |   2618 |    137 |    371 |   1333 |   4 |  688.8 |
       Dungeon |   2755 |   2618 |    137 |    371 |   1333 |   4 |  688.8 |
               +--------+--------+--------+--------+--------+-----+--------+

Top non-repeatable levels by time:
     D:2: 959 daAuts
     D:3: 907 daAuts
     D:1: 702 daAuts
     D:4: 187 daAuts
